 Dungeon Crawl Stone Soup version 0.32-a0-643-ga006e7742e (webtiles) character file.

Game seed: 14180669806081900038

2558214 gimp the Intangible (level 27, 193/219 HPs)
             Began as a Merfolk Hunter on Mar 7, 2024.
             Was the Champion of Hepliaklqana.
             Escaped with the Orb
             ... and 4 runes on Mar 8, 2024!
             The game lasted 02:57:42 (60327 turns).

gimp the Intangible (Merfolk Hunter)               Turns: 60327, Time: 02:57:43

Health: 193/219    AC: 29    Str: 24    XL:     27
Magic:  42/46      EV: 41    Int:  9    God:    Hepliaklqana [******]
Gold:   2647       SH:  8    Dex: 31    Spells: 35/46 levels left

rFire   + + +        a - +12 longbow of Indomitability {heavy, rF+++}
rCold   . . .        (shield currently unavailable)
rNeg    + + +        B - +4 swamp dragon scales
rPois   +            c - +2 helmet
rElec   +            d - +4 dragonskin cloak
rCorr   .            m - +2 pair of gloves {Str+3}
SInv    +            W - +0 pair of boots "Ditil" {+Inv rN+++ Str+4 Int-4}
Will    ++...        l - brooch of Shielding {Spirit SH+8}
Stlth   +            k - ring "Udwuz" {rF+ rC+ MP+9 Dex+2 SInv}
HPRegen 0.56/turn    O - ring of Saymueteor {rElec Str+6 Int+2}
MPRegen 0.30/turn

%: guardian spirit
@: studying 2 skills
A: reduced essence, (nimble swimmer 2), mertail, deterioration 1, cold
vulnerability 1
0: Orb of Zot
}: 4/15 runes: decaying, slimy, silver, gossamer
a: Renounce Religion, Evoke Invisibility, Recall Ancestor, Ancestor Identity,
Transference, Idealise


You escaped.
You worshipped Hepliaklqana.
Hepliaklqana was exalted by your worship.
You visited 11 branches of the dungeon, and saw 53 of its levels.
You also visited: Wizlab.

You collected 8793 gold pieces.
You spent 6146 gold pieces at shops.

Inventory:

Hand Weapons
 a - the +12 longbow of Indomitability (weapon) {heavy, rF+++}
   (You bought it in a shop on level 2 of the Orcish Mines)

   rF+++:     It renders you almost immune to fire.
 b - a +9 longbow of freezing
Missiles
 q - 21 curare-tipped darts
 z - 4 throwing nets
Armour
 c - a +2 helmet (worn)
 d - the +4 dragonskin cloak (worn)
   (You took it off Tiamat on level 3 of the Realm of Zot)

   Avatar's Aegis: It grants the wearer a chance to resist fire, cold, poison,
   electricity, acid, and negative energy.
 m - a +2 pair of gloves of strength (worn)
 p - a scarf of resistance
 B - +4 swamp dragon scales (worn)
 W - the +0 pair of boots "Ditil" (worn) {+Inv rN+++ Str+4 Int-4}
   (You acquired it on level 15 of the Dungeon)

   Str+4:     It affects your strength (+4).
   Int-4:     It affects your intelligence (-4).
   rN+++:     It renders you almost immune to negative energy.
   +Inv:      It lets you turn invisible.
Jewellery
 k - the ring "Udwuz" (left hand) {rF+ rC+ MP+9 Dex+2 SInv}
   (You found it on level 3 of the Swamp)

   [ring of magical power]

   Dex+2:     It affects your dexterity (+2).
   rF+:       It protects you from fire.
   rC+:       It protects you from cold.
   MP+9:      It affects your magic capacity (+9).
   SInv:      It lets you see invisible.
 l - the brooch of Shielding (around neck) {Spirit SH+8}
   (You found it on level 3 of the Elven Halls)

   [amulet of guardian spirit]

   Spirit:    It causes incoming damage to be divided between your reserves of
   health and magic.
   SH+8:      It affects your SH (+8).
 u - the ring "Muschauna" {rC- rN++ rCorr SInv}
   (You found it in a wizard's laboratory)

   [ring of resist corrosion]

   rC-:       It makes you vulnerable to cold.
   rN++:      It greatly protects you from negative energy.
   SInv:      It lets you see invisible.
   rCorr:     It protects you from acid and corrosion.
 A - the amulet "Gaef" {Reflect Fly rF+ Dex+4 SH+5 Stlth-}
   (You found it in a wizard's laboratory)

   [amulet of reflection]

   Reflect:   It reflects blocked missile attacks.
   Dex+4:     It affects your dexterity (+4).
   rF+:       It protects you from fire.
   Fly:       It grants you flight.
   SH+5:      It affects your SH (+5).
   Stlth-:    It makes you less stealthy.
 M - the ring of Meesch {rF+ rCorr Str+3}
   (You found it on level 3 of the Elven Halls)

   [ring of resist corrosion]

   Str+3:     It affects your strength (+3).
   rF+:       It protects you from fire.
   rCorr:     It protects you from acid and corrosion.
 O - the ring of Saymueteor (right hand) {rElec Str+6 Int+2}
   (You found it on level 1 of the Lair of Beasts)

   [ring of strength]

   Str+6:     It affects your strength (+6).
   Int+2:     It affects your intelligence (+2).
   rElec:     It insulates you from electricity.
Wands
 C - a wand of quicksilver (10)
 E - a wand of digging (38)
 J - a wand of charming (64)
 R - a wand of flame (74)
 S - a wand of roots (59)
Scrolls
 f - 5 scrolls of revelation
 i - 11 scrolls of immolation
 j - 7 scrolls of vulnerability
 o - 6 scrolls of fog
 s - 2 scrolls of fear
 x - 27 scrolls of teleportation
 y - 4 scrolls of silence
 I - 2 scrolls of blinking
 P - 11 scrolls of poison
Potions
 g - 5 potions of heal wounds
 n - 7 potions of cancellation
 r - 8 potions of enlightenment
 t - 5 potions of resistance
 v - 9 potions of haste
 w - 22 potions of curing
 D - 6 potions of invisibility
 H - 15 potions of might
 K - 4 potions of magic
 Q - 7 potions of lignification
 T - 9 potions of ambrosia
 U - 3 potions of berserk rage
 V - 3 potions of mutation
Miscellaneous
 F - a condenser vane
 G - a lightning rod (4/4)


   Skills:
 + Level 25.7 Fighting
 - Level 20.0 Ranged Weapons
 - Level 6.0 Throwing
 - Level 13.0 Armour
 O Level 27 Dodging
 - Level 1.1 Stealth
 - Level 10.0 Spellcasting
 - Level 10.0 Hexes
 - Level 12.0 Translocations
 + Level 13.7 Alchemy
 - Level 15.0 Invocations
 - Level 13.6 Evocations


You had 35 spell levels left.
You knew the following spells:

 Your Spells              Type           Power      Damage    Failure   Level
a - Blink                 Tloc           52%        N/A       1%          2
b - Dimensional Bullseye  Hex/Tloc       12%        N/A       2%          4
c - Yara's Violent Unrav  Hex/Alch       12%        3d7       4%          5

Your spell library contained the following spells:

 Spells                   Type           Power      Damage    Failure   Level
 Sting                    Conj/Alch      64%        1d7       1%          1
 Jinxbite                 Hex            44%        N/A       1%          2
 Lesser Beckoning         Tloc           52%        N/A       1%          2
 Mercury Vapours          Alch/Air       32%        N/A       1%          2
 Gell's Gravitas          Tloc           26%        N/A       1%          3
 Sigil of Binding         Hex            22%        N/A       1%          3
 Teleport Other           Tloc           26%        N/A       1%          3
 Manifold Assault         Tloc           26%        N/A       1%          4
 Olgreb's Toxic Radiance  Alch           29%        N/A       1%          4
 Momentum Strike          Conj/Tloc      30%        3d8       2%          2
 Ensorcelled Hibernation  Hex/Ice        26%        N/A       3%          2
 Cause Fear               Hex            11%        N/A       3%          4
 Cigotuvi's Dreadful Rot  Necr/Alch/Air  24%        N/A       4%          2
 Volatile Blastmotes      Fire/Tloc      30%        2d12      4%          3
 Dazzling Flash           Conj/Hex       26%        N/A       8%          3
 Inner Flame              Hex/Fire       13%        N/A       8%          3
 Mephitic Cloud           Conj/Alch/Air  12%        N/A       10%         3
 Fulminant Prism          Conj/Alch      8%         3d7       12%         4
 Ignite Poison            Fire/Alch      16%        N/A       12%         4
 Leda's Liquefaction      Alch/Erth      8%         N/A       12%         4
 Petrify                  Alch/Erth      16%        N/A       12%         4
 Sticky Flame             Fire/Alch      16%        2d5       12%         4
 Iskenderun's Mystic Bla  Conj/Tloc      15%        2d5       17%         4
 Magic Dart               Conj           16%        1d3       21%         1
 Sandblast                Erth           8%         2d5       21%         1
 Summon Small Mammal      Summ           16%        N/A       21%         1
 Dispersal                Tloc           13%        N/A       22%         6
 Anguish                  Hex/Necr       6%         N/A       26%         4
 Call Imp                 Summ           8%         N/A       30%         2
 Static Discharge         Conj/Air       8%         3-4/arc   30%         2
 Sublimation of Blood     Necr           4%         N/A       30%         2
 Irradiate                Conj/Alch      8%         3d14      32%         5
 Summon Forest            Summ/Tloc      7%         N/A       43%         5
 Call Canine Familiar     Summ           4%         N/A       52%         3
 Fugue of the Fallen      Necr           4%         N/A       52%         3
 Hailstorm                Conj/Ice       4%         3d5       52%         3
 Passwall                 Erth           4%         N/A       52%         3
 Stone Arrow              Conj/Erth      8%         3d7       52%         3
 Summon Ice Beast         Ice/Summ       4%         N/A       52%         3
 Silence                  Hex/Air        6%         N/A       56%         5
 Summon Mana Viper        Hex/Summ       13%        N/A       56%         5
 Sculpt Simulacrum        Ice/Alch       8%         N/A       88%         6
 Animate Armour           Summ/Erth      8%         N/A       89%         4
 Brom's Barrelling Bould  Conj/Erth      4%         2d3       89%         4
 Dispel Undead            Necr           4%         3d7       89%         4
 Flame Wave               Conj/Fire      4%         2d5       89%         4
 Martyr's Knell           Necr/Summ      4%         N/A       89%         4
 Summon Blazeheart Golem  Fire/Summ      4%         N/A       89%         4
 Summon Lightning Spire   Summ/Air       4%         N/A       89%         4
 Enfeeble                 Hex            11%        N/A       95%         7
 Curse of Agony           Necr           4%         N/A       99%         5
 Fireball                 Conj/Fire      2%         3d4       99%         5
 Freezing Cloud           Conj/Ice/Air   2%         6-21      99%         5
 Iskenderun's Battlesphe  Conj           4%         2d6       99%         5
 Death Channel            Necr           2%         N/A       100%        6
 Summon Cactus Giant      Summ           2%         N/A       100%        6
 Haunt                    Necr/Summ      2%         N/A       100%        7
 Ozocubu's Refrigeration  Ice            2%         4d7       100%        7
 Summon Hydra             Summ           2%         N/A       100%        7
 Borgnjor's Revivificati  Necr           2%         N/A       100%        8
 Discord                  Hex            11%        N/A       100%        8
 Disjunction              Tloc           13%        N/A       100%        8
 Ignition                 Fire           2%         3d3       100%        8
 Summon Horrible Things   Summ           2%         N/A       100%        8
 Chain Lightning          Conj/Air       2%         3d2       100%        9
 Death's Door             Necr           2%         N/A       100%        9
 Dragon's Call            Summ           2%         N/A       100%        9
 Polar Vortex             Ice            2%         N/A       100%        9


Dungeon Overview and Level Annotations

Branches:
Dungeon (15/15)            Temple (1/1) D:6            Lair (5/5) D:9
  Swamp (4/4) Lair:3       Spider (4/4) Lair:3        Slime (5/5) Lair:5
    Orc (2/2) D:10            Elf (3/3) Orc:2        Vaults (5/5) D:13
  Crypt (0/3) Vaults:3     Depths (4/4) D:15            Zot (5/5) Depths:4
 WizLab (visited)

Altars:
Ashenzari
Cheibriados
Dithmenos
Elyvilon
Fedhas
Gozag
Hepliaklqana
Kikubaaqudgha
Makhleb
Nemelex Xobeh
Okawaru
Qazlal
Ru
Sif Muna
Trog
Uskayaw
Vehumet
Wu Jian
Xom
Yredelemnul
Zin
The Shining One
Beogh
Jiyva

Shops:
D:4 :   D:6 :?[[   D:8 *   D:9 *   Orc:2 (*[=(   Elf:1 ?   Elf:3 :   Vaults:2 :
Depths:2 [

Portals:
Hell: Depths:1 Depths:2 Depths:3 Depths:4
Abyss: Swamp:3 Depths:3
Pandemonium: Depths:2
Ziggurat: Depths:4

Annotations:
Swamp:3 2 transporters, Eugor's ghost, journeyman DECj
Spider:3 2 transporters, exclusion: orange crystal statue, Jeuxtor's ghost, adept DrGl; Uximull's ghost, adept DsCA; benadryl's ghost, journeyman CoHu
Spider:4 1 runed translucent door, exclusion: door, occam's ghost, adept CoGl
Elf:2 3 runed translucent doors, exclusion: 3 doors
Zot:5 1 exclusion


Innate Abilities, Weirdness & Mutations

Your life essence is reduced to manifest your ancestor. (-10% HP)
((You are very nimble when in or above water. (Stealth+, EV+, Speed+++)))
Your lower body shifts to a powerful aquatic tail in water.
Your body sometimes deteriorates upon taking damage.
You are vulnerable to cold. (rC-)


Message History

Things that are here:
a +0 short sword; a +0 dagger; a kobold skeleton
Things that are here:
a +0 whip; a kobold skeleton
There is a stone staircase leading up here.
You climb upwards.
There is a stone staircase leading down here.
There is an open door here.
There is a stone staircase leading up here.
You climb upwards.
There is a stone staircase leading down here.
An angel comes into view. It is wielding a +2 whip of holy wrath.
You shoot an arrow. The arrow barely misses the angel.
You shoot an arrow. The arrow completely misses the angel.
You swap places.
Dyehex misses the angel.
The angel barely misses Dyehex.
Dyehex blocks the angel's attack.
Dyehex barely misses the angel.
Dyehex blocks the angel's attack. x2
The angel hits Dyehex but does no damage. x2
Dyehex barely misses the angel.
The angel hits Dyehex but does no damage.
Dyehex blocks the angel's attack.
Dyehex completely misses the angel.
Aiming: Dig
Press: ? - help, Shift-Dir - straight line, p - angel A rock wall.
This square is covered in magical glow.
The rock shatters into small pieces.
The angel hits Dyehex but does no damage. x2
Dyehex blocks something's attack. x2
There is a stone staircase leading up here.
Something hits Dyehex!
Dyehex blocks something's attack.
You climb upwards.
There is a stone staircase leading down here.
There is a stone staircase leading up here.
You climb upwards.
There is a stone staircase leading down here.
There is a stone staircase leading up here.
You climb upwards.
Level annotation: Sigmund
There is a stone staircase leading down here.
Sigmund shouts!
Sigmund is nearby!
You shoot an arrow. The arrow completely misses Sigmund.
Sigmund casts a spell at you.
The magic dart hits you but does no damage.
You shoot an arrow. The arrow barely misses Sigmund.
You shoot an arrow. The arrow hits Sigmund!!!
You kill Sigmund!
Things that are here:
a +0 robe; a +0 scythe; the human corpse of Sigmund A ynoxinul comes into view.
You shoot an arrow. The arrow hits the ynoxinul!!!
You kill the ynoxinul!
No target in view!
There is a stone staircase leading up here.
You climb upwards.
There is a stone staircase leading down here.
A sixfirhy comes into view.
You shoot an arrow. The arrow closely misses the sixfirhy.
You shoot an arrow. The arrow hits the sixfirhy!!!
You kill the sixfirhy!
No target in view!
No target in view!
You see here a frilled lizard skeleton.
A demonic crawler comes into view.
Your line of fire to the demonic crawler is blocked by a fungus.
Your line of fire to the demonic crawler is blocked by a fungus.
You shoot an arrow. The arrow hits the demonic crawler!!!
The demonic crawler is almost dead.
You shoot an arrow. The arrow hits the demonic crawler!!
You kill the demonic crawler!
No target in view!
A hellion comes into view.
Your line of fire to the hellion is blocked by a fungus.
You shoot an arrow. The arrow hits the hellion!!
The hellion is severely wounded.
The hellion gestures at you.
The sphere of damnation explodes!
The damnation engulfs you!!
The damnation engulfs the plant!!
The plant begins to die.
The damnation engulfs the fungus!
The fungus begins to die.
The damnation engulfs the fungus!!
The fungus begins to die.
You take 29 damage, and have 190/219 hp.
You now have 40/46 mp.
You shoot an arrow. The arrow hits the hellion!!!
You kill the hellion!
No target in view!
A reaper comes into view.
It is wielding a +1 scythe of distortion.
Your legs become a tail as you enter the water.
The +0 pair of boots "Ditil" {+Inv rN+++ Str+4 Int-4} melds into your body.
A demonspawn warmonger and a demonspawn corrupter come into view.
The demonspawn warmonger is wielding a +1 demon blade of pain.
The demonspawn warmonger shouts!
The demonspawn corrupter shouts!
A nearby fungus withers and dies.
Blink to where?
Press: ? - help, Dir - move target The +0 pair of boots "Ditil" {+Inv rN+++ Str+4 Int-4} unmelds from your body.
As you read the scroll of blinking, it crumbles to dust.
The reaper completely misses you.
The demonspawn corrupter calls forth creatures from the Abyss!
You have escaped!

##########
#.....#.P##
#.t..~...~#####
#6~.t.....~...###
#~6~P....~~.....##
#P2P....P~..~.~.P#
#.P...~.~..~~..~.#
#@......~..P......
#~.P~~~P..P..P....
#.P.~..P...~......
#..~.P~โ‰ˆ....~.~...
#~.....P..P~~~P...
#....~~..~.....##.
#..##~~~P~.##~~##.
###..~~~~.#~~โ‰ˆ###.
##..#โ‰ˆ~###### #รท


You could see a demonspawn warmonger, a demonspawn corrupter, a reaper and 2
apocalypse crabs.

Vanquished Creatures
  the Royal Jelly (Slime:5)
  Tiamat (Zot:3)
  4 dread liches
  An ancient lich (Zot:5)
  Mennas (Vaults:3)
  7 orbs of fire
  A juggernaut (Depths:2)
  Josephina (Depths:2)
  2 Killer Klowns (Zot:5)
  Saint Roka (Depths:1)
  Bai Suzhen (Depths:1)
  Vv (Zot:3)
  Boris (Depths:4)
  Margery (Depths:2)
  3 curse toes
  5 golden dragons
  Nikola (Depths:2)
  Jory (Depths:3)
  A Hellbinder (WizLab)
  3 electric golems
  A hellephant (Depths:2)
  21 Orb Guardians
  Jorgrun (D:13)
  A walking crystal tome (Depths:3)
  A deep elf blademaster (Elf:3)
  2 liches
  13 tentacled monstrosities
  3 deep elf master archers
  6 death cobs
  7 quicksilver dragons
  17 acid blobs
  A thorn hunter (Swamp:4)
  5 sphinxes
  17 storm dragons
  6 shadow dragons
  5 tengu reavers
  5 azure jellies (Slime:5)
  9 rockslimes
  10 fire giants
  2 protean progenitors (Zot:2)
  5 draconian monks
  Aizul (Swamp:1)
  17 vault wardens
  4 frost giants
  3 draconian shifters
  4 deep elf elementalists (Elf:3)
  A fenstrider witch (Swamp:2)
  4 draconian knights
  6 draconian scorchers
  A balrug (Depths:2)
  2 deep elf sorcerers (Elf:3)
  5 emperor scorpions
  2 hydra zombies (Swamp:4)
  2 ghouls (Swamp:4)
  A reaper (Depths:2)
  2 draconian stormcallers
  3 spriggan defenders (Depths:4)
  5 ghost moths
  7 quicksilver oozes
  3 orc warlords
  17 ironbound preservers
  A broodmother (Spider:3)
  4 very ugly things
  18 stone giants
  5 formless jellyfish
  4 ironbound thunderhulks
  5 deep elf demonologists
  A draconian annihilator (Zot:1)
  3 vampire knights
  9 deep elf death magi
  4 bunyips
  9 deep elf annihilators
  2 red draconians
  4 eleionomae
  3 green draconians
  A lorocyproca (WizLab)
  10 spark wasps
  7 black draconians
  5 white draconians
  6 yellow draconians
  12 purple draconians
  6 dire elephants
  4 war gargoyles
  15 ettins
  Snorg (D:10)
  A green death (WizLab)
  A merfolk impaler (Depths:4)
  3 crystal guardians
  7 fire dragons
  13 yaktaur captains
  8 deep elf high priests
  2 shambling mangroves
  4 entropy weavers
  4 rakshasas
  19 vault guards
  4 great orbs of eyes
  2 hell beasts (WizLab)
  2 ice dragons
  4 peacekeepers
  13 hydras
  A ghost crab (Swamp:2)
  4 alligators
  3 spriggan air magi
  8 ironbound frosthearts
  5 boulder beetles
  10 dancing weapons
  A merfolk avatar (Lair:5)
  15 centaur warriors
  A radroach (Spider:1)
  3 two-headed ogres
  A sphinx skeleton (Vaults:3)
  A death yak (Lair:3)
  6 demonic crawlers
  5 deep troll earth magi
  3 deep troll shamans
  4 tengu warriors
  4 orc high priests
  3 spriggan berserkers
  14 hell knights
  A shock serpent (Vaults:3)
  An occultist (Depths:1)
  2 soul eaters
  9 deep elf knights
  Sonja (D:13)
  6 skeletal warriors
  A shadow wraith (Vaults:3)
  6 pharaoh ants
  4 skysharks
  A salamander mystic (Depths:4)
  A sea snake (Lair:5)
  2 glowing orange brains
  7 sixfirhies
  3 spectral hydras (Swamp:4)
  Lodul (D:12)
  5 iron trolls
  65 deep trolls
  7 swamp dragons
  6 spriggan druids
  2 goliath frogs (Swamp:2)
  4 arcanists
  4 flayed ghosts
  4 bog bodies
  14 orc knights
  13 ironbound convokers
  A tengu zombie (Depths:1)
  A shadow demon (WizLab)
  8 deep elf archers
  A sun moth (Spider:4)
  13 deep elf zephyrmancers
  Pikel (D:7)
  5 steelbarb worms
  A frost giant zombie (Depths:1)
  5 thermic dynamos
  7 orb spiders
  17 deep elf pyromancers
  3 lightning spires (Vaults:3)
  A steelbarb worm (shapeshifter) (Vaults:5)
  A lindwurm (Lair:5)
  A cyclops (D:12)
  3 oklob plants (Swamp:4)
  A wolf spider (shapeshifter) (D:14)
  4 orc sorcerers
  15 wolf spiders
  A manticore (Lair:5)
  6 necromancers
  A will-o-the-wisp (Swamp:2)
  2 shining eyes
  28 ugly things
  2 salamanders (Depths:4)
  3 kobold blastminers (Orc:1)
  12 moths of wrath
  2 eyes of devastation (Slime:5)
  5 meliai
  2 rust devils (WizLab)
  2 naga magi (Vaults:3)
  13 elephants
  A frost giant skeleton (Vaults:3)
  7 centaur zombies (D:12)
  3 black mambas
  18 vault sentinels
  A gargoyle (D:12)
  An eye of devastation (shapeshifter) (Vaults:4)
  A black mamba (shapeshifter) (D:14)
  3 torpor snails
  A smoke demon (WizLab)
  An orange demon (WizLab)
  10 cane toads
  5 komodo dragons
  5 hellions
  3 centaur skeletons (D:13)
  4 efreet
  An unseen horror (D:11)
  24 yaktaurs
  4 tormentors (WizLab)
  2 rime drakes
  3 tengu conjurers
  3 freezing wraiths
  A spriggan skeleton (Depths:1)
  2 bloated husks
  2 red devils (WizLab)
  A hellwing (WizLab)
  2 tyrant leeches (Swamp:4)
  A wind drake (Lair:5)
  14 hornets
  9 trolls
  A raiju (Vaults:3)
  2 glass eyes
  A wind drake (shapeshifter) (Vaults:5)
  A polar bear (Lair:5)
  12 tarantellas
  28 blink frogs
  3 frost giant simulacra
  A snapping turtle (Lair:5)
  Sigmund (D:2)
  A spriggan (shapeshifter) (Elf:1)
  A ynoxinul (D:2)
  2 jumping spiders (shapeshifter) (Vaults:5)
  A meliai zombie (D:12)
  22 jumping spiders
  9 air elementals
  11 culicivoras
  3 wyverns
  19 spriggans
  4 water elementals
  4 shadows
  53 slime creatures
  5 wraiths
  A vampire (D:11)
  33 yaks
  3 hogs (Lair:5)
  6 basilisks
  3 wargs
  2 steam dragons
  A golden eye (shapeshifter) (Depths:1)
  5 fire elementals
  42 redbacks
  2 vampire mosquitoes
  A chaos spawn (D:8)
  An acid dragon (D:11)
  8 water moccasins
  12 swamp worms
  A hydra simulacrum (Swamp:4)
  25 orc warriors
  6 swamp drakes
  A black bear (Lair:3)
  2 swamp dragon zombies (Swamp:4)
  An ice beast (D:8)
  4 laughing skulls (D:15)
  12 ogres
  A deep troll simulacrum (Vaults:3)
  12 centaurs
  A phantom (D:5)
  A lemure (D:7)
  2 kobold brigands
  A gnoll sergeant (D:12)
  8 bullfrogs
  4 earth elementals
  2 scorpions
  5 wights (D:6)
  A howler monkey (D:10)
  9 electric eels
  A bombardier beetle (D:5)
  4 hounds
  2 gnoll boudas
  13 orc priests
  3 iguanas
  14 orc wizards
  16 gnolls
  A swamp drake zombie (Swamp:4)
  5 adders
  4 swamp drake skeletons (Swamp:4)
  A white imp (D:7)
  5 dart slugs
  37 orcs
  10 ball pythons
  8 bats
  9 endoplasms
  2 giant cockroaches
  6 hobgoblins
  10 jackals
  14 kobolds
  6 quokkas
  3 frilled lizards
  8 goblins
  6 rats
  An aspiring flesh (Zot:2)
1648 creatures vanquished.

Vanquished Creatures (collateral kills)
  A dread lich (Vaults:5)
  An ancient lich (Vaults:5)
  3 golden dragons
  Arachne (Spider:3)
  4 tentacled monstrosities
  Zenata (Vaults:4)
  An Orb Guardian (Zot:5)
  A hellephant (WizLab)
  2 liches
  A walking earthen tome (Depths:2)
  3 titans (Vaults:5)
  4 quicksilver dragons
  A sphinx (Vaults:5)
  A deep elf master archer (Elf:3)
  3 acid blobs
  3 death cobs
  Kirke (Lair:5)
  3 storm dragons
  Donald (Spider:1)
  An azure jelly (Slime:1)
  A fire giant (Vaults:5)
  3 draconian monks
  A rockslime (Slime:5)
  4 shadow dragons
  3 vault wardens
  2 draconian knights
  3 emperor scorpions (Spider:4)
  2 deep elf sorcerers (Elf:3)
  A deep elf elementalist (Elf:3)
  3 ironbound preservers
  A draconian stormcaller (Zot:5)
  A ghost moth (Spider:4)
  2 draconian scorchers
  A draconian annihilator (Zot:3)
  A formless jellyfish (Slime:5)
  2 stone giants (Depths:3)
  2 very ugly things (Depths:1)
  An ironbound thunderhulk (Vaults:2)
  A quicksilver ooze (Slime:1)
  3 vampire knights (Depths:2)
  3 lorocyprocas (WizLab)
  2 green draconians (Zot:4)
  A yellow draconian (Zot:4)
  9 purple draconians
  4 deep elf death magi (Elf:3)
  3 black draconians
  3 deep elf annihilators (Elf:3)
  3 white draconians
  A spark wasp (Spider:1)
  2 bunyips
  3 red draconians
  A dire elephant (Vaults:3)
  2 yaktaur captains (Vaults:5)
  A hydra (Swamp:2)
  2 entropy weavers
  11 vault guards
  An ice dragon (Depths:1)
  2 great orbs of eyes
  5 spriggan air magi
  2 hell beasts
  A boulder beetle (Vaults:1)
  2 juggernaut simulacra (Depths:2)
  8 centaur warriors
  2 death knights (Vaults:3)
  Erica (D:11)
  2 radroaches
  3 alligators
  A dancing weapon (Elf:2)
  A two-headed ogre (D:12)
  2 ironbound frosthearts (Vaults:2)
  3 death yaks (Lair:3)
  2 deep troll shamans (Depths:3)
  4 orc high priests
  A demonic crawler (Spider:2)
  2 deep troll earth magi (Depths:3)
  3 spriggan berserkers
  A shock serpent (Vaults:3)
  A hell knight (Depths:2)
  4 deep elf knights
  5 skeletal warriors
  A skyshark (Lair:5)
  A sixfirhy (WizLab)
  An iron troll (Depths:3)
  3 pharaoh ants
  A goliath frog (Swamp:4)
  A shadow demon (D:13)
  13 deep trolls
  A swamp dragon (Swamp:2)
  A bog body (Swamp:2)
  6 deep elf archers
  A spectral hydra (Swamp:4)
  2 ironbound convokers
  A necromancer (Depths:2)
  8 orc knights
  A phantasmal warrior (Vaults:5)
  A lightning spire (Vaults:3)
  6 deep elf pyromancers
  A steelbarb worm (Spider:2)
  A deep elf zephyrmancer (Elf:3)
  8 ugly things
  A shining eye (Slime:5)
  A wolf spider (Spider:2)
  A human zombie (Vaults:3)
  7 moths of wrath
  An orc sorcerer (Orc:2)
  A cyclops (D:12)
  2 manticores
  A will-o-the-wisp (Swamp:4)
  4 elephants
  3 meliai
  A rust devil (Depths:2)
  A black mamba (Lair:3)
  2 cane toads
  An elephant (shapeshifter) (Vaults:5)
  A vault sentinel (Vaults:3)
  3 kobold blastminers (Orc:2)
  A centaur skeleton (D:13)
  A hellion (WizLab)
  An unseen horror (D:11)
  A rime drake (Lair:3)
  5 yaktaurs
  A freezing wraith (Vaults:5)
  5 komodo dragons
  A troll (D:13)
  A hydra zombie (Swamp:4)
  5 hornets
  3 polar bears
  A tarantella (Spider:3)
  A queen bee (shapeshifter) (Vaults:5)
  Prince Ribbit (D:8)
  6 blink frogs
  A hydra skeleton (Swamp:4)
  A glass eye (Slime:2)
  3 spriggans
  4 shadows
  5 jumping spiders
  25 slime creatures
  6 vampires
  A water elemental (Elf:3)
  5 culicivoras
  10 yaks
  A wyvern (Lair:2)
  4 wraiths
  A fire elemental (Elf:1)
  A basilisk (Lair:4)
  5 vampire mosquitoes
  16 redbacks
  A warg (Orc:2)
  A swamp worm (shapeshifter) (Depths:2)
  6 swamp worms
  3 water moccasins
  10 orc warriors
  A sky beast (D:8)
  A swamp drake (Swamp:4)
  A black bear (Lair:1)
  A deep troll simulacrum (Vaults:3)
  3 ogres
  4 centaurs
  A water moccasin (shapeshifter) (Vaults:5)
  3 bullfrogs
  2 electric eels
  5 orc priests
  5 orc wizards
  A gnoll (D:10)
  8 orcs
  A butterfly (Lair:5)
456 creatures vanquished.

Vanquished Creatures (others)
  Nessos (D:13)
  A yaktaur captain (Vaults:5)
  A vault guard (Vaults:5)
  An occultist (D:15)
  2 deep elf knights (Elf:3)
  2 deep elf archers
  A meliai (D:14)
  A yaktaur (Vaults:4)
  A warg (Elf:2)
  2 orc warriors
  56 knights
  2 ancestors (D:8)
  3 ball lightnings (D:10)
  7 foxfires
81 creatures vanquished.

Grand Total: 2185 creatures vanquished

Notes
Turn   | Place    | Note
-------+----------+-------------------------------------------
     0 | D:1      | gimp the Merfolk Hunter began the quest for the Orb.
     0 | D:1      | Reached XP level 1. HP: 16/16 MP: 1/1
   113 | D:1      | Reached skill level 3 in Dodging
   116 | D:1      | Reached XP level 2. HP: 22/22 MP: 2/2
   644 | D:1      | Reached XP level 3. HP: 27/27 MP: 3/3
  1095 | D:2      | Reached XP level 4. HP: 32/33 MP: 4/4
  1212 | D:2      | Noticed Sigmund
  1236 | D:1      | Reached skill level 4 in Dodging
  2085 | D:4      | Noticed an ogre
  2296 | D:4      | Reached XP level 5. HP: 30/38 MP: 5/5
  2517 | D:4      | Noticed an ogre
  2737 | D:4      | Found Cixkaergh's Self-Improvement Boutique.
  3190 | D:4      | Killed an ogre
  3191 | D:4      | Reached skill level 5 in Ranged Weapons
  3191 | D:4      | Reached skill level 5 in Dodging
  3191 | D:4      | Reached XP level 6. HP: 44/44 MP: 6/6
  3302 | D:5      | Entered Level 5 of the Dungeon
  3411 | D:5      | Reached XP level 7. HP: 32/51 MP: 7/7
  4223 | D:5      | Reached XP level 8. HP: 60/60 MP: 8/8
  4349 | D:6      | Found Ahaibos's Armour Emporium.
  4351 | D:6      | Found Neesor's Antique Armour Shoppe.
  4481 | D:6      | Found Amaim's Magic Scroll Shoppe.
  4481 | D:6      | Found Zoesira's Book Emporium.
  4511 | D:6      | Bought a scroll of teleportation for 42 gold pieces
  4511 | D:6      | Bought a scroll of identify for 28 gold pieces
  4511 | D:6      | Bought a scroll of noise for 14 gold pieces
  4511 | D:6      | Bought a scroll of poison for 56 gold pieces
  4511 | D:6      | Bought a scroll of identify for 28 gold pieces
  4511 | D:6      | Bought a scroll of identify for 28 gold pieces
  4511 | D:6      | Bought a scroll of identify for 28 gold pieces
  5107 | D:6      | Reached skill level 5 in Fighting
  5236 | D:6      | Found a snail-covered altar of Cheibriados.
  5470 | D:6      | Found a staircase to the Ecumenical Temple.
  5520 | Temple   | Entered the Ecumenical Temple
  5535 | Temple   | Became a worshipper of Hepliaklqana the Forgotten
  5824 | D:7      | Noticed Pikel
  5985 | D:7      | Found a sacrificial altar of Ru.
  6100 | D:7      | Killed Pikel
  6101 | D:7      | Reached XP level 9. HP: 61/71 MP: 9/9
  6580 | D:7      | Noticed a troll
  6652 | D:6      | Bought an embroidered cloak for 187 gold pieces
  6764 | D:8      | Reached * piety under Hepliaklqana
  6774 | D:8      | Noticed Prince Ribbit
  6804 | D:8      | Killed Prince Ribbit
  6918 | D:8      | Found Zin's Purification Station.
  6921 | D:8      | Found a glowing silver altar of Zin.
  7079 | D:7      | Reached skill level 10 in Ranged Weapons
  7346 | D:8      | Reached XP level 10. HP: 45/72 MP: 10/10
  7822 | D:8      | Reached ** piety under Hepliaklqana
  7823 | D:8      | Remembered your ancestor Dyehex as a knight
  8252 | D:9      | Found Ebunkehe's Assorted Antiques.
  8256 | D:9      | Bought a scroll labelled WISATIE TOABOU for 26 gold pieces
  8272 | D:9      | Found a staircase to the Lair.
  8314 | D:9      | Noticed a two-headed ogre
  8332 | D:9      | Killed a two-headed ogre
  8430 | D:9      | Reached skill level 1 in Invocations
  8886 | D:10     | Entered Level 10 of the Dungeon
  8944 | D:10     | Reached *** piety under Hepliaklqana
  9305 | D:10     | Reached skill level 6 in Dodging
  9351 | D:10     | Reached XP level 11. HP: 72/80 MP: 13/13
  9389 | D:10     | Found a staircase to the Orcish Mines.
  9528 | D:10     | Noticed Snorg
  9543 | D:10     | Killed Snorg
  9981 | D:11     | Noticed a centaur warrior
  9992 | D:11     | Reached skill level 7 in Dodging
  9995 | D:11     | Killed a centaur warrior
 10509 | D:11     | Noticed Erica
 10524 | D:11     | Killed Erica
 10710 | D:11     | Reached skill level 5 in Invocations
 10725 | D:11     | Reached skill level 8 in Dodging
 10796 | D:11     | Reached **** piety under Hepliaklqana
 11360 | Lair:1   | Entered Level 1 of the Lair of Beasts
 11593 | Lair:1   | Reached skill level 9 in Dodging
 11606 | Lair:1   | Reached XP level 12. HP: 44/85 MP: 9/16
 11759 | Lair:1   | Identified the ring of Saymueteor {rElec Str+6 Int+2}
 11766 | Lair:1   | Identified the ring "Wemeanok" {Fire *Slow Fly Str+4 Dex-3}
 12715 | Lair:2   | Reached skill level 10 in Dodging
 13661 | Lair:3   | Noticed a death yak
 13779 | Lair:3   | Found a hole to the Spider Nest.
 13960 | Lair:3   | Noticed a death yak
 13960 | Lair:3   | Noticed a death yak
 13962 | Lair:3   | Noticed a six-headed hydra
 13963 | Lair:3   | Noticed a death yak
 14179 | Lair:3   | Reached skill level 11 in Dodging
 14257 | Lair:3   | Reached XP level 13. HP: 70/90 MP: 19/19
 14911 | Lair:3   | Found a staircase to the Swamp.
 14962 | Lair:3   | Reached ***** piety under Hepliaklqana
 15443 | Lair:3   | Reached skill level 1 in Evocations
 15453 | Lair:3   | Reached skill level 12 in Dodging
 15852 | Lair:4   | Reached skill level 15 in Ranged Weapons
 16535 | Lair:5   | Entered Level 5 of the Lair of Beasts
 16535 | Lair:5   | Found a radiant altar of Vehumet.
 16670 | Lair:5   | Reached skill level 13 in Dodging
 16729 | Lair:5   | Reached XP level 14. HP: 97/97 MP: 20/20
 16940 | Lair:5   | Reached skill level 5 in Evocations
 17155 | Lair:5   | Noticed Kirke
 17597 | Lair:5   | Killed Kirke
 17751 | Lair:5   | Reached skill level 14 in Dodging
 18037 | Lair:5   | Found a viscous altar of Jiyva.
 18037 | Lair:5   | Found a staircase to the Slime Pits.
 18325 | Orc:1    | Entered Level 1 of the Orcish Mines
 18427 | Orc:2    | Entered Level 2 of the Orcish Mines
 18654 | D:4      | Bought a manual of Fighting for 960 gold pieces
 18950 | Orc:2    | Found Nuerurr's Antique Armour Shop.
 18970 | Orc:2    | Reached skill level 1 in Armour
 19364 | Orc:2    | Found a staircase to the Elven Halls.
 19482 | Orc:2    | Found Kosirch Cimy's Antique Weapon Emporium.
 19505 | Orc:2    | Noticed an orc warlord
 19725 | Orc:2    | Found Plog's Jewellery Boutique.
 19762 | Orc:2    | Paralysed by an orc sorcerer for 5 turns
 20164 | Orc:2    | Killed an orc warlord
 20165 | Orc:2    | Reached skill level 15 in Dodging
 20183 | Orc:2    | Found Munon's General Store.
 20267 | Orc:2    | Bought 2 potions of curing for 72 gold pieces
 20309 | Orc:2    | Found Wuhowunokh's Weapon Emporium.
 20539 | Orc:1    | Reached XP level 15. HP: 59/101 MP: 21/21
 21275 | D:12     | Reached skill level 10 in Fighting
 21885 | D:11     | HP: 4/105 [skeletal warrior/+0 war axe (24)]
 22448 | D:12     | You fall into a shaft and drop 3 floors!
 22448 | D:15     | Entered Level 15 of the Dungeon
 23192 | D:13     | Noticed Sonja
 23198 | D:13     | Killed Sonja
 23433 | D:13     | Noticed Lodul
 23945 | D:12     | Killed Lodul
 24585 | D:13     | Noticed Jorgrun
 24605 | D:13     | Killed Jorgrun
 24878 | D:13     | Noticed Nessos
 24897 | D:13     | Killed Nessos
 24898 | D:13     | Reached XP level 16. HP: 107/117 MP: 22/22
 25223 | D:13     | Found a gate to the Vaults.
 26143 | D:15     | Reached XP level 17. HP: 126/126 MP: 23/23
 26144 | D:15     | Reached XP level 18. HP: 132/132 MP: 24/24
 26721 | D:15     | Found a staircase to the Depths.
 26722 | D:15     | Identified a scroll of acquirement
 26723 | D:15     | Acquired the +0 pair of boots "Ditil" {+Inv rN+++ Str+4
                  | Int-4}
 26928 | Swamp:1  | Entered Level 1 of the Swamp
 26944 | Swamp:1  | Identified the serpent talisman of Uskayaw's Benevolence
                  | {rElec Will- Str+4 Int+3}
 26944 | Swamp:1  | Noticed Aizul
 26961 | Swamp:1  | Killed Aizul
 27409 | Swamp:1  | Reached skill level 10 in Evocations
 27456 | Swamp:1  | Found a blossoming altar of Fedhas.
 28481 | Swamp:2  | Reached skill level 10 in Invocations
 28757 | Swamp:2  | Reached skill level 16 in Dodging
 29090 | Swamp:3  | Reached XP level 19. HP: 124/144 MP: 26/26
 29177 | Swamp:3  | Identified the ring "Udwuz" {rF+ rC+ MP+9 Dex+2 SInv}
 29356 | Swamp:3  | Found a transporter.
 29366 | Swamp:3  | Found a one-way gate to the infinite horrors of the Abyss.
 29366 | Swamp:3  | Found a transporter.
 29366 | Swamp:3  | Noticed Eugor's ghost (journeyman DECj)
 29598 | Swamp:4  | Entered Level 4 of the Swamp
 30390 | Swamp:4  | Reached skill level 17 in Dodging
 30396 | Swamp:4  | Found a basalt altar of Yredelemnul.
 30409 | Swamp:4  | Got a decaying rune of Zot
 30434 | Swamp:4  | Found a blossoming altar of Fedhas.
 30753 | Spider:1 | Entered Level 1 of the Spider Nest
 31080 | Spider:1 | Noticed Donald
 31090 | Spider:1 | Killed Donald
 31596 | Orc:2    | Bought the +12 longbow of Indomitability {heavy, rF+++} for
                  | 1642 gold pieces
 33750 | Spider:3 | Reached skill level 18 in Dodging
 33959 | Spider:3 | Found a transporter.
 33960 | Spider:3 | Found a transporter.
 33969 | Spider:3 | Noticed Uximull's ghost (adept DsCA)
 33970 | Spider:3 | Noticed Jeuxtor's ghost (adept DrGl)
 33976 | Spider:3 | Noticed Arachne
 33986 | Spider:3 | Killed Arachne
 33987 | Spider:3 | Reached skill level 5 in Armour
 34043 | Spider:3 | Noticed benadryl's ghost (journeyman CoHu)
 34399 | Spider:4 | Entered Level 4 of the Spider Nest
 34412 | Spider:3 | Reached XP level 20. HP: 133/151 MP: 26/29
 34835 | Spider:4 | Found a runed translucent door.
 34836 | Spider:4 | Found a shimmering altar of Xom.
 34836 | Spider:4 | Noticed occam's ghost (adept CoGl)
 34836 | Spider:4 | Identified the +8 quarterstaff of Ucwanuil {chaos, Will+
                  | SInv}
 35417 | Spider:4 | Got a gossamer rune of Zot
 35825 | Vaults:1 | Entered Level 1 of the Vaults
 36154 | Vaults:1 | Reached skill level 19 in Dodging
 37624 | Vaults:2 | Reached ****** piety under Hepliaklqana
 37802 | Vaults:2 | Reached XP level 21. HP: 160/160 MP: 30/30
 38131 | Vaults:2 | Found Nuic's Book Boutique.
 38201 | Vaults:2 | Reached skill level 20 in Dodging
 39020 | Vaults:3 | Reached skill level 1 in Throwing
 39210 | Vaults:3 | Found a staircase to the Crypt.
 39661 | Vaults:3 | Noticed Mennas
 39985 | Vaults:3 | Reached skill level 21 in Dodging
 40213 | Vaults:3 | Killed Mennas
 40905 | Vaults:3 | Paralysed by an air elemental for 1 turns
 40909 | Vaults:3 | Paralysed by an air elemental for 1 turns
 40910 | Vaults:3 | Reached skill level 5 in Throwing
 40914 | Vaults:3 | Paralysed by an air elemental for 1 turns
 41250 | Vaults:3 | Reached XP level 22. HP: 140/168 MP: 32/32
 41527 | Vaults:3 | Got the Tome of the Birds
 41687 | Vaults:4 | Noticed Zenata
 41692 | Vaults:4 | Killed Zenata
 42969 | Elf:1    | Entered Level 1 of the Elven Halls
 43201 | Elf:1    | Found Gewkoise's Magic Scroll Shoppe.
 43204 | Elf:1    | Bought 2 scrolls of teleportation for 84 gold pieces
 43204 | Elf:1    | Bought a scroll of revelation for 105 gold pieces
 43204 | Elf:1    | Bought a scroll of silence for 133 gold pieces
 43268 | Elf:1    | Reached skill level 22 in Dodging
 43275 | Elf:1    | Reached skill level 15 in Invocations
 43291 | Elf:1    | Found a roughly hewn altar of Beogh.
 43347 | Elf:1    | Reached skill level 10 in Armour
 43699 | Elf:1    | Got the Spellbook of Blasting
 44320 | Elf:2    | Found a runed translucent gate.
 44320 | Elf:2    | Found a runed translucent gate.
 44324 | Elf:2    | Found a runed translucent gate.
 44485 | Elf:3    | Entered Level 3 of the Elven Halls
 44660 | Elf:3    | Found Reixapne's Book Emporium.
 44681 | Elf:3    | Reached skill level 23 in Dodging
 44752 | Elf:3    | Found an ancient bone altar of Kikubaaqudgha.
 45031 | Elf:3    | Reached XP level 23. HP: 151/174 MP: 34/34
 45380 | Elf:3    | Found the brooch of Shielding {Spirit SH+8}
 45394 | Elf:3    | Reached skill level 24 in Dodging
 45396 | Elf:3    | Identified the staff of Resourcefulness {rElec Int+2 Air}
 45415 | Elf:3    | Identified the staff of the Crypt {rPois rC+ Str+2 Conj
                  | Necro Alchemy}
 45427 | Elf:3    | Identified the +8 orcbow of the Valley of Death {drain,
                  | *Slow rF+ MP+9 Int+2}
 45431 | Elf:3    | Identified the +1 morningstar "Eviscerator" {vamp, Will++
                  | Str+3 Dex-5 Stlth+}
 45491 | Elf:3    | Identified the +4 long sword "Newt's Demise" {drain, Fly
                  | rF+}
 45505 | Elf:3    | Identified the ring of Meesch {rF+ rCorr Str+3}
 45526 | Elf:3    | Identified the +1 plate armour "Taunepn" {rElec rF- rN+
                  | Dex+4}
 45761 | Orc:2    | Bought an embroidered scarf for 280 gold pieces
 45761 | Orc:2    | Bought a pair of runed gloves for 262 gold pieces
 45942 | Slime:1  | Entered Level 1 of the Pits of Slime
 46319 | Slime:3  | Paralysed by a formless jellyfish for 1 turns
 46517 | Slime:3  | Paralysed by a formless jellyfish for 1 turns
 46668 | Slime:5  | Entered Level 5 of the Pits of Slime
 46862 | Slime:5  | Reached skill level 25 in Dodging
 46902 | Slime:5  | Noticed the Royal Jelly
 46917 | Slime:5  | Killed the Royal Jelly
 47219 | Slime:5  | Identified the +4 falchion of the Wilderness {holy, rF+
                  | Dex+5 Stlth+}
 47267 | Slime:5  | Identified the +4 battleaxe "Ybycuis" {flame, rN++}
 47270 | Slime:5  | Got the Quarto of Conjuring and Bedrock
 47302 | Slime:5  | Identified the +0 robe of the Valley of Death {-Cast rPois
                  | rCorr Str+3}
 47305 | Slime:5  | Got a slimy rune of Zot
 47486 | D:6      | Bought a pair of glowing gloves for 187 gold pieces
 47685 | Depths:1 | Entered Level 1 of the Depths
 47833 | Depths:1 | Identified the +3 whip of Kismet {freeze, rC+}
 47896 | Depths:1 | Reached XP level 24. HP: 165/180 MP: 31/34
 47964 | Depths:1 | Noticed Bai Suzhen
 47973 | Depths:1 | Killed Bai Suzhen
 48288 | Depths:1 | Found a gateway to Hell.
 48300 | Depths:1 | Noticed Saint Roka
 48316 | Depths:1 | Killed Saint Roka
 48317 | Depths:1 | Reached skill level 26 in Dodging
 48511 | Depths:1 | Found a broken altar of Ashenzari.
 48535 | Depths:1 | Found an ancient bone altar of Kikubaaqudgha.
 48823 | Depths:2 | Noticed Nikola
 48832 | Depths:2 | Killed Nikola
 48915 | Depths:2 | Noticed Margery
 48923 | Depths:2 | Killed Margery
 49337 | Depths:2 | Noticed a juggernaut
 49345 | Depths:2 | Killed a juggernaut
 49605 | Depths:2 | Identified the ring "Lujater" {Ice SInv}
 49605 | Depths:2 | Noticed Josephina
 49611 | Depths:2 | Killed Josephina
 49624 | Depths:2 | Paralysed by a vampire knight for 2 turns
 49628 | Depths:2 | Reached skill level 27 in Dodging
 49804 | Depths:2 | Found Yshruvvaf's Armour Shop.
 49969 | Depths:2 | Found a one-way gate leading to the halls of Pandemonium.
 50204 | Depths:3 | Noticed Jory
 50215 | Depths:3 | Killed Jory
 50382 | Depths:3 | Found a magical portal.
 50433 | WizLab   | Entered The Hall of the Hellbinder
 50557 | WizLab   | Reached XP level 25. HP: 182/192 MP: 34/34
 50921 | WizLab   | Found a burning altar of Makhleb.
 50931 | WizLab   | Identified the ring "Muschauna" {rC- rN++ rCorr SInv}
 50933 | WizLab   | Identified the amulet "Gulawas" {Acrobat Rampage rPois
                  | Dex-2 Slay+2}
 50936 | WizLab   | Identified the amulet "Gaef" {Reflect Fly rF+ Dex+4 SH+5
                  | Stlth-}
 50949 | WizLab   | Got the Essays on Allies
 50973 | WizLab   | Identified the ring of Divine Compulsion {Fly EV+5 Str+3}
 50984 | WizLab   | Identified the +5 plate armour of Jeczol {Will- Regen+
                  | Int+5}
 51650 | Depths:4 | Entered Level 4 of the Depths
 51650 | Depths:4 | Found a one-way gateway to a ziggurat.
 51952 | Depths:4 | Found a gate to the Realm of Zot.
 52119 | Depths:4 | Found a white marble altar of Elyvilon.
 52279 | Depths:4 | Found Jusiniv's Antique Weapon Shoppe.
 52518 | Depths:4 | Identified the +6 hand axe of the Shouting Shark {speed,
                  | rElec MP+9 Str-2 Dex+4}
 52553 | Depths:4 | Identified the +4 robe "Yrenk" {rC+ Dex+3 Archmagi}
 52553 | Depths:4 | Noticed Boris
 52560 | Depths:4 | Killed Boris
 52913 | Vaults:5 | Entered Level 5 of the Vaults
 53086 | Vaults:2 | Bought a book of Spatial Translocations for 288 gold pieces
 53088 | Vaults:2 | Bought a manual of Translocations for 1280 gold pieces
 53093 | Vaults:2 | Learned a level 2 spell: Blink
 53116 | Vaults:2 | Bought a book of the Hunter for 416 gold pieces
 53122 | Vaults:2 | Learned a level 4 spell: Dimensional Bullseye
 53165 | Vaults:5 | Noticed a dread lich
 53177 | Vaults:5 | Reached skill level 1 in Translocations
 53404 | Vaults:5 | Reached skill level 5 in Translocations
 53481 | Vaults:5 | Killed a dread lich
 53508 | Vaults:5 | Reached XP level 26. HP: 205/205 MP: 34/34
 53521 | Vaults:5 | Got a silver rune of Zot
 53575 | Vaults:5 | Reached skill level 1 in Hexes
 53592 | Vaults:5 | Reached skill level 1 in Spellcasting
 53641 | Vaults:5 | Noticed an ancient lich
 53650 | Vaults:5 | Killed an ancient lich
 53659 | Vaults:5 | Reached skill level 10 in Translocations
 53684 | Vaults:5 | Noticed a dread lich
 53692 | Vaults:5 | Killed a dread lich
 53793 | Vaults:5 | Noticed a dread lich
 53799 | Vaults:5 | Identified the +4 chain mail "Vashrypan" {Harm rCorr Int+2
                  | Dex-5}
 53803 | Vaults:5 | Killed a dread lich
 53818 | Vaults:5 | Reached skill level 5 in Hexes
 54155 | Vaults:5 | Reached skill level 5 in Spellcasting
 54899 | Zot:1    | Entered Level 1 of the Realm of Zot
 55057 | Zot:1    | Noticed an orb of fire
 55066 | Zot:1    | Killed an orb of fire
 56180 | Zot:2    | Reached XP level 27. HP: 211/211 MP: 35/35
 56511 | Zot:2    | Identified the +10 dire flail of Living Judgement {venom,
                  | *Slow rElec Int+3 SInv}
 56872 | Zot:3    | Found the +4 dragonskin cloak
 56872 | Zot:3    | Noticed Tiamat
 56889 | Zot:3    | Reached skill level 10 in Hexes
 56910 | Zot:3    | Killed Tiamat
 56911 | Zot:3    | Reached skill level 10 in Spellcasting
 57115 | Zot:3    | Identified the +2 shortbow of the Imbibing Butterfly
                  | {freeze, Str+4}
 57135 | Zot:3    | Noticed an orb of fire
 57148 | Zot:3    | Killed an orb of fire
 57184 | Zot:3    | Noticed Vv
 57192 | Zot:3    | Killed Vv
 58045 | Zot:4    | Learned a level 5 spell: Yara's Violent Unravelling
 58072 | Zot:4    | Reached skill level 1 in Alchemy
 58209 | Zot:4    | Reached skill level 5 in Alchemy
 58536 | Zot:5    | Entered Level 5 of the Realm of Zot
 59015 | Zot:5    | Noticed a dread lich
 59026 | Zot:5    | Killed a dread lich
 59028 | Zot:5    | Noticed an orb of fire
 59032 | Zot:5    | Gained mutation: You are vulnerable to cold. (rC-) [an orb
                  | of fire]
 59037 | Zot:5    | Gained mutation: Your body sometimes deteriorates upon
                  | taking damage. [an orb of fire]
 59041 | Zot:5    | Killed an orb of fire
 59270 | Zot:5    | Reached skill level 10 in Alchemy
 59284 | Zot:5    | Noticed an orb of fire
 59290 | Zot:5    | Killed an orb of fire
 59302 | Zot:5    | Noticed a dread lich
 59311 | Zot:5    | Killed a dread lich
 59339 | Zot:5    | Noticed an ancient lich
 59348 | Zot:5    | Noticed an orb of fire
 59366 | Zot:5    | Killed an orb of fire
 59371 | Zot:5    | Killed an ancient lich
 59571 | Zot:5    | Noticed an orb of fire
 59573 | Zot:5    | Noticed an orb of fire
 59580 | Zot:5    | Killed an orb of fire
 59587 | Zot:5    | Killed an orb of fire
 59751 | Zot:5    | Got the Orb of Zot
 59961 | Depths:2 | Noticed Jaopoel the pandemonium lord
 60085 | D:10     | Noticed Tiuteg the pandemonium lord
 60256 | D:2      | Killed Sigmund
 60327 | D:$      | Escaped with the Orb!

Illustrated notes

Levels and vault maps discovered:
D:1:      lemuel_arrival_muddy, layout_rooms, skrybe_limestone_x,
          chequers_serial_rivers_small_3, hex_medium, nicolae_titane
D:2:      layout_basic, kennysheep_cross_room, minmay_snake_closets,
          uniq_sigmund
D:3:      layout_loops_ring
D:4:      layout_basic, nicolae_shop_self_help
D:5:      layout_basic
D:6:      layout_basic, kennysheep_mini_moat,
          minmay_temple_entry_gardened_gates, kennysheep_pointless_box,
          nicolae_shop_national_dungeon_mall
D:7:      layout_rooms, hangedman_ru_absence,
          serial_library_hellmonk_statue_hall, lightli_corner_chamber,
          uniq_pikel
D:8:      layout_layer_cave, zin_purify, minmay_misc_feat_iff,
          uniq_prince_ribbit1
D:9:      layout_basic, serial_shops, shop
D:10:     layout_stronghold, orc_0_dummy, serial_column_ruins,
          column_ruins_grid_3, column_ruins_corridor_corner,
          column_ruins_open_small, column_ruins_grid_2, column_ruins_columns_T,
          chequers_big_river, uniq_snorg
D:11:     layout_loops_corners, serial_aquarium, aquarium_bridge_square
          [aquarium_subvault_bridge, aquarium_subvault_wall,
          aquarium_subvault_wall, aquarium_subvault_bridge],
          aquarium_bridge_square [aquarium_subvault_balcony,
          aquarium_subvault_wall, aquarium_subvault_bridge,
          aquarium_subvault_bridge], aquarium_window_fake,
          aquarium_window_corner, aquarium_window_fake, aquarium_view_2e,
          uniq_erica
D:12:     minmay_chambers_of_sevens, layout_cave_pools, serial_undead,
          serial_undead_e, serial_undead_f, serial_undead_f, serial_undead_f,
          serial_undead_d
D:13:     layout_roguey, hangedman_vaults_entry_quadrant_bands,
          kennysheep_small_circle, uniq_jorgrun, uniq_nessos, uniq_lodul,
          uniq_sonja
D:14:     layout_cave_pools, minmay_misc_feat_tiny, nicolae_letterblocks
          [nicolae_letter_subblock, nicolae_letter_subblock,
          nicolae_letter_subblock, nicolae_letter_subblock,
          nicolae_letter_subblock, nicolae_letter_subblock,
          nicolae_letter_subblock, nicolae_letter_subblock,
          nicolae_letter_subblock, nicolae_letter_subblock,
          nicolae_letter_subblock, nicolae_letter_subblock,
          nicolae_letter_subblock, nicolae_letter_subblock,
          nicolae_letter_subblock, nicolae_letter_subblock,
          nicolae_letter_subblock, nicolae_letter_subblock,
          nicolae_letter_subblock, nicolae_letter_subblock,
          nicolae_letter_subblock, nicolae_letter_subblock,
          nicolae_letter_subblock, nicolae_letter_subblock,
          nicolae_letter_subblock]
D:15:     hellmonk_depths_entry_around_the_bend, layout_rooms, nicolae_sextant
Temple:   compressed_dpeg_triangle_lava_temple
Lair:1:   layout_chaotic_city, serial_bayou_shore_b
Lair:2:   layout_cave_pods, chequers_serial_rivers_small_3,
          chequers_serial_rivers_room_a, lemuel_fruit_tree,
          infiniplex_staircase_pool
Lair:3:   layout_cave_pods, swamp_mist_pool, nicolae_spider_entry_orb_guardian,
          lemuel_fruit_fields, serial_bayou_shore_a
Lair:4:   layout_regular_city, serial_bayou_pond_a
Lair:5:   gammafunk_lair_ancient_temple, layout_gridlike,
          dpeg_slime_entry_enclosed, basic_altar, lemuel_fruit_fields,
          uniq_kirke
Swamp:1:  layout_basic_swamp, nicolae_swamp_godswood, uniq_aizul
Swamp:2:  nicolae_swamp_secret_spriggan_hideout, layout_basic_swamp,
          nicolae_swamp_round_clearing, swamp_pool_1_2, st_swamp_ruins_4
Swamp:3:  layout_falls_marsh, gammafunk_ghost_abyssal_escape,
          evilmike_swamp_ruin_rubble_2, infiniplex_staircase_pool_2
Swamp:4:  byrel_swamp_growth_death_and_undeath, layout_basic_swamp,
          swamp_pool_1_2
Spider:1: layout_spider_delve, uniq_donald
Spider:2: layout_chambers
Spider:3: layout_spider_delve, nzn_ghost_randoct, guppyfry_spider_mini_3,
          uniq_arachne
Spider:4: grunt_spider_rune_circles, ebering_ghost_xom
Slime:1:  layout_caves
Slime:2:  layout_caves, cheibrodos_slime_lost_civilization_4
Slime:3:  layout_caves
Slime:4:  layout_caves, special_room [special_room_jelly],
          cheibrodos_slime_lost_civilization_7
Slime:5:  slime_pit_nicolae_jellycorners
Orc:1:    layout_caves
Orc:2:    grunt_orc_gardens, layout_diamond_mine, grunt_orc_garden,
          grunt_orc_garden, grunt_orc_garden, grunt_orc_garden, serial_shops,
          shop
Elf:1:    layout_loops_corners, special_room [special_room_orc], serial_shops,
          nicolae_shop_real_fake_doors, minmay_elf_annihilation,
          ebering_dispersal_statue_hall
Elf:2:    nicolae_elf_blades_splatter_lattice [mumra_blade_entry_bloodbath],
          layout_geoelf_grid
Elf:3:    minmay_elf_hall_four_x, layout_gridlike, serial_shops, shop,
          basic_altar, feat_on_display
Vaults:1: ontoclasm_vaults_hangar, ontoclasm_vaults_hangar,
          nicolae_vaults_trapezoid_lopsided_4, vaults_room_fours,
          nicolae_vaults_border_crossing, dpeg_vaults_monster_box,
          layout_vaults_omnigrid
Vaults:2: grunt_vaults_bifocal, hangedman_vaults_slice, hangedman_vaults_locks,
          nicolae_vaults_specimen_jars, v_rooms_3, nicolae_vaults_what_the_h,
          hangedman_vaults_river_flow, v_misc_2,
          ontoclasm_vaults_loading_screen, nicolae_vaults_two_Ls,
          layout_vaults_omnicross, serial_shops, nicolae_shop_peninsula
Vaults:3: vaults_room_ringed_pool, st_check, nicolae_vaults_puzzle_piece,
          ontoclasm_vaults_twist, nicolae_vaults_diagonal_hallway_8,
          vaults_standard_mumra_x, ontoclasm_vaults_ligature, vaults_room_pool,
          v_misc_11, vaults_dpeg_emergency_exit,
          ontoclasm_vaults_decontamination, v_misc_27,
          nicolae_vaults_shelves_hall, blue_anna_dwarven_crypt,
          nicolae_vaults_surprise_closet, layout_vaults_chaotic_city,
          serial_magic_research, hangedman_research_electronics, uniq_mennas
Vaults:4: nicolae_vaults_swerve, v_misc_10, vaults_dpeg_hooks,
          hangedman_vaults_unwind, vaults_room_pool,
          nicolae_vaults_network_periphery, v_misc_8,
          nicolae_vaults_offset_grid_hallway_1, ontoclasm_vaults_tryst,
          nicolae_vaults_oval_intersection, vaults_room_fours, v_alt_pattern_1,
          nicolae_vaults_storage_closets_2, nicolae_vaults_trapezoid_lopsided_3,
          nicolae_vaults_cochlea, nicolae_vaults_little_squares_3,
          layout_vaults_omnibox, uniq_zenata
Vaults:5
Depths:1: layout_small_grid, hell_entry, evilmike_ruin_ashenzari,
          kiku_gazebo_pond_becter, grunt_megastairs_3, uniq_bai_suzhen,
          uniq_saint_roka
Depths:2: nicolae_aperiodic_l_corner, layout_gridville, serial_shops, shop,
          grunt_metal_band, rand_demon_pan_entry_7,
          minmay_staircase_windowed_small, uniq_nikola, uniq_josephina
Depths:3: dreamdust_merry_men, layout_cross, hangedman_tar_grid_catacomb,
          infiniplex_enter_wizlab_water, abyss_entry, minmay_staircase_bubble,
          uniq_jory
Depths:4: grunt_twist_and_shout, layout_gridlike, enter_ziggurat_a, hell_entry,
          serial_shops, nicolae_shop_stone, elyvilon_altar_3, uniq_boris
Zot:1:    cheibrodos_zot_enchanting_chambers, layout_gridville
Zot:2:    layout_basic, st_stairs_6, hangedman_hellfire_club
Zot:3:    layout_misc_corridors, regret_index_zot_stipple_split,
          bh_zot_levy_curve, uniq_vv, uniq_tiamat
Zot:4:    layout_gridlike
Zot:5:    layout_misc_corridors

Skill      XL: |  1  2  3  4  5  6  7  8  9 10 11 12 13 14 15 16 17 18 19 20 21 22 23 24 25 26 27 |
---------------+----------------------------------------------------------------------------------+-----
Dodging        | 3 4 5 6 9 11 13 15 16 18 19 21 23 25 27 | 27.0
Ranged Weapons | 4 5 6 7 9 10 11 12 14 15 16 17 18 19 20 | 20.0
Fighting       | 4 6 7 9 13 16 17 18 19 21 23 25 | 25.7
Invocations    | 3 6 8 9 10 12 13 14 15 | 15.0
Evocations     | 4 6 8 9 10 11 13 | 13.6
Armour         | 2 4 5 7 9 11 13 | 13.0
Throwing       | 5 6 |  6.0
Translocations | 9 12 | 12.0
Hexes          | 8 10 | 10.0
Spellcasting   | 8 10 | 10.0
Alchemy        | 13 | 13.7
Stealth        | |  1.1

Action                     |  1- 3 |  4- 6 |  7- 9 | 10-12 | 13-15 | 16-18 | 19-21 | 22-24 | 25-27 || total
---------------------------+-------+-------+-------+-------+-------+-------+-------+-------+-------++-------
   Fire: Shortbow          |   121 |   183 |   436 |    13 |       |       |       |       |       ||   753
         Orcbow            |       |       |       |   615 |  1518 |       |       |       |       ||  2133
         Longbow           |       |       |       |       |       |   449 |  1129 |  1132 |  1256 ||  3966
  Throw: Throwing net      |       |       |     2 |       |       |       |       |       |       ||     2
   Cast: Blink             |       |       |       |       |       |       |       |       |     2 ||     2
         Dimensional Bulls |       |       |       |       |       |       |       |       |     3 ||     3
         Yara's Violent Un |       |       |       |       |       |       |       |       |     1 ||     1
 Invoke: Ancestor Life: Kn |       |       |       |     1 |       |       |       |       |       ||     1
         Idealise          |       |       |       |     2 |     4 |     1 |     7 |     1 |     6 ||    21
         Transference      |       |       |       |     1 |    12 |       |     4 |       |     4 ||    21
         Recall Ancestor   |       |       |       |     1 |     8 |     1 |     7 |     1 |     5 ||    23
  Evoke: Condenser vane    |       |       |       |     2 |       |       |     4 |       |     1 ||     7
         Wand              |       |       |       |       |     7 |       |     4 |       |     1 ||    12
    Use: Scroll            |       |     1 |    12 |    14 |    16 |     9 |     7 |     8 |    16 ||    83
         Potion            |       |       |     2 |       |     3 |     2 |     2 |     3 |     5 ||    17
 Armour: Leather armour    |    21 |       |       |       |       |       |       |       |       ||    21
         Ring mail         |    12 |    64 |   115 |       |   187 |    75 |   138 |       |       ||   591
         Steam dragon scal |       |       |    37 |   134 |    90 |       |       |       |       ||   261
         Skin              |       |       |    11 |       |       |       |       |       |       ||    11
         Swamp dragon scal |       |       |       |       |       |       |   137 |   218 |   203 ||   558
  Dodge: Dodged            |    40 |    59 |   167 |   230 |   374 |    84 |   564 |   394 |   550 ||  2462
  Block: Other             |       |       |       |       |    15 |    19 |    84 |    81 |    61 ||   260
         Reflection        |       |       |       |       |     3 |     4 |     5 |       |       ||    12

Table legend: (Time is in decaauts)
 A = Elapsed time spent in this place.
 B = Non-inter-level travel time spent in this place.
 C = Inter-level travel time spent in this place.
 D = Time resting spent in this place.
 E = Time spent auto-exploring this place.
 F = Levels seen in this place.
 G = Mean time per level.
                   A        B        C        D        E       F      G
               +--------+--------+--------+--------+--------+-----+--------+
         Total |  59908 |  54399 |   5509 |   1698 |  40705 |  54 | 1109.4 |
       Dungeon |  18828 |  16260 |   2568 |    679 |  11932 |  15 | 1255.2 |
        Temple |     30 |     16 |     14 |      0 |      0 |   1 |   30.0 |
          Lair |   7118 |   6281 |    837 |    114 |   4935 |   5 | 1423.6 |
         Swamp |   3535 |   3293 |    242 |     26 |   2609 |   4 |  883.8 |
   Spider Nest |   4278 |   4097 |    181 |      0 |   3290 |   4 | 1069.5 |
    Slime Pits |   1433 |   1398 |     35 |    476 |    497 |   5 |  286.6 |
  Orcish Mines |   2502 |   2047 |    455 |      0 |   1558 |   2 | 1251.0 |
   Elven Halls |   2833 |   2743 |     90 |     31 |   2052 |   3 |  944.3 |
        Vaults |   9082 |   8500 |    582 |     82 |   6725 |   5 | 1816.4 |
        Depths |   4676 |   4370 |    306 |     92 |   3202 |   4 | 1169.0 |
           Zot |   4985 |   4791 |    194 |    197 |   3494 |   5 |  997.0 |
        Wizlab |    601 |    601 |      0 |      0 |    409 |   1 |  601.0 |
               +--------+--------+--------+--------+--------+-----+--------+

Top non-repeatable levels by time:
    D:11: 2482 daAuts
Vaults:3: 2254 daAuts
Vaults:2: 2190 daAuts
  Lair:3: 2061 daAuts
   Orc:2: 1739 daAuts
Vaults:1: 1706 daAuts
     D:6: 1666 daAuts
    D:10: 1635 daAuts
Vaults:5: 1584 daAuts
  Lair:5: 1545 daAuts
Depths:2: 1449 daAuts
     D:8: 1429 daAuts
    D:12: 1383 daAuts
    D:13: 1363 daAuts
Vaults:4: 1346 daAuts
